 Dungeon Crawl Stone Soup version 0.21.1-1-g345015f (webtiles) character file.

511 cultivahabas the Cudgeler (level 6, -9/93 HPs)
             Began as a Troll Chaos Knight on May 24, 2018.
             Killed from afar by an adder (23 damage)
             ... with an exploding inner flame
             ... hexed by the player character
             ... on level 4 of the Dungeon.
             The game lasted 00:12:16 (2873 turns).

cultivahabas the Cudgeler (Troll Chaos Knight)      Turns: 2873, Time: 00:12:17

Health: -9/93      AC: 23    Str: 21    XL:     6   Next: 99%
Magic:  5/5        EV:  1    Int: 10    God:    Xom [......]
Gold:   117        SH:  0    Dex:  9    Spells: 5/5 levels left

rFire    . . .     SeeInvis .   a - +0 mace (chaos)
rCold    . . .     Gourm    +   (no shield)
rNeg     + + +     Faith    .   (armour currently unavailable)
rPois    +         Spirit   .   (helmet currently unavailable)
rElec    .         Reflect  .   (cloak currently unavailable)
rCorr    .         Harm     .   (gloves unavailable)
MR       .....     NoTele   +   (boots unavailable)
Stlth    +.........             (no amulet)
HPRegen  0.65/turn              (no ring)
MPRegen  0.09/turn              (no ring)

@: tree-form
A: large, unfitting armour, fast metabolism 3, gourmand, mutation resistance 1,
regeneration 1
a: Renounce Religion


You were on level 4 of the Dungeon.
You worshipped Xom.
You were a very special plaything of Xom.
You were very full.
You were a tree.
You visited 1 branch of the dungeon, and saw 4 of its levels.

You collected 117 gold pieces.

Inventory:

Hand Weapons
 a - a +0 mace of chaos (weapon)
 b - a +0 blowgun {K}
Missiles
 g - 8 tomahawks (quivered)
 i - 2 poisoned needles
Armour
 K - a +2 robe (melded)
Jewellery
 h - an uncursed ring of stealth {unknown}
Scrolls
 e - 2 scrolls of identify
 f - a scroll of amnesia
 j - 2 scrolls of immolation
 A - 3 scrolls of remove curse
Comestibles
 c - 6 rations


   Skills:
 + Level 4.2 Fighting
 * Level 6.1 Maces & Flails
 - Level 1.9 Dodging


You had 5 spell levels left.
You didn't know any spells.

Dungeon Overview and Level Annotations

Branches:
Dungeon (4/15)
 Temple: D:4-7

Altars:
Fedhas
Hepliaklqana
Ru
Sif Muna

Annotations:
D:4 fly's ghost, novice DsNe


Innate Abilities, Weirdness & Mutations

You are too large for most types of armour.
((You have claws for hands.))
Your metabolism is lightning-fast.
You like to eat raw meat.
Your natural rate of healing is unusually fast.
((You are covered in fur. (AC +1)))
((You have very tough skin. (AC +2)))
((You have a pair of small antennae on your head.))
You are somewhat resistant to further mutation.


Message History

The adder bites you but does no damage.
The white imp hits you but does no damage.
The bullfrog skeleton hits you but does no damage.
The adder bites you but does no damage.
You hit the adder.
The adder is severely wounded.
The bullfrog skeleton hits you but does no damage.
The white imp hits you but does no damage.
The adder bites you but does no damage.
You hit the adder but do no damage.
The adder is poisoned.
The adder is severely wounded.
The bullfrog skeleton hits you but does no damage.
The adder bites you but does no damage.
The white imp hits you but does no damage.
The bullfrog skeleton hits you but does no damage.
You hit the adder.
The adder explodes!
The fiery explosion engulfs you!
You die...
Xom is highly amused!

................ #
..........#$.... #.#
.........##..... # #.#.
##........#..#.. #.#...
.......?W....... ....#
.##..S...##..#.. #...
#......##..#..
#..Z####......##..##.
#..5♣.W.......##..##.
#....#####..........##.
..... #..........##.
##.. #...........(. ...
#.( .. ..............
..##.###.#.
..............
#...h#.....
#.##.#......#.
#.......... .# ....
..... #.......... .....


You could see fly's ghost (inner flame), a white imp and a bullfrog skeleton
(inner flame).

Vanquished Creatures
  A hound (D:3)
  3 orc wizards (D:3)
  An orc priest (D:4)
  Jessica (D:3)
  A worker ant (D:4)
  4 gnolls
  7 adders
  2 oozes
  2 worms (D:2)
  3 dart slugs
  3 orcs
  2 ball pythons
  8 bats
  8 giant cockroaches
  11 goblins
  2 hobgoblins
  3 jackals (D:4)
  3 frilled lizards
  A jackal skeleton (D:4)
  6 kobolds
  A leopard gecko skeleton (D:4)
  6 rats
79 creatures vanquished.

Vanquished Creatures (collateral kills)
  Sigmund (D:2)
  A hound (D:4)
  An adder (D:4)
  A rat (D:2)
4 creatures vanquished.

Grand Total: 83 creatures vanquished

Notes
Turn   | Place    | Note
-------+----------+-------------------------------------------
     0 | D:1      | cultivahabas the Troll Chaos Knight began the quest for the Orb.
     0 | D:1      | Reached XP level 1. HP: 22/22 MP: 0/0
     6 | D:1      | Noticed an iguana
     6 | D:1      | Noticed a black bear
     6 | D:1      | Noticed a black mamba
     6 | D:1      | Noticed a lindwurm
    57 | D:1      | Reached skill level 3 in Maces & Flails
   183 | D:1      | XOM: divination: detect items
   200 | D:1      | Reached XP level 2. HP: 29/29 MP: 1/1
   358 | D:1      | XOM is BORED!
   358 | D:1      | XOM: harmless Tloc miscast
   430 | D:1      | XOM: divination: detect items
   464 | D:1      | Reached XP level 3. HP: 34/36 MP: 2/2
   689 | D:2      | Found a sacrificial altar of Ru.
   733 | D:2      | XOM is BORED!
   733 | D:2      | XOM: silly message
   806 | D:2      | XOM: silly message
  1238 | D:2      | Reached skill level 4 in Maces & Flails
  1254 | D:2      | Reached XP level 4. HP: 45/45 MP: 3/3
  1335 | D:2      | XOM: cleaving
  1384 | D:2      | Noticed Sigmund
  1388 | D:2      | XOM: medium Hex miscast
  1414 | D:2      | Killed Sigmund
  1414 | D:2      | Reached XP level 5. HP: 9/53 MP: 4/4
  1511 | D:2      | XOM: divination: detect items
  1738 | D:3      | Found a hazy altar of Hepliaklqana.
  1777 | D:3      | Noticed Jessica
  1792 | D:3      | XOM: mild Erth miscast
  1794 | D:3      | Killed Jessica
  1794 | D:3      | Reached skill level 5 in Maces & Flails
  1857 | D:3      | Found a deep blue altar of Sif Muna.
  1860 | D:3      | Found a blossoming altar of Fedhas.
  1921 | D:3      | Reached XP level 6. HP: 53/62 MP: 5/5
  1924 | D:3      | XOM: summons friendly ufetubus
  2191 | D:3      | XOM: harmless Chrm miscast
  2455 | D:3      | XOM: cloud trail
  2664 | D:4      | Noticed fly's ghost (novice DsNe)
  2806 | D:4      | XOM: cast spell 'Summon Ice Beast'
  2807 | D:4      | Reached skill level 6 in Maces & Flails
  2844 | D:4      | XOM: 1-stop teleportation journey
  2848 | D:4      | XOM: summons 2 hostile demons
  2859 | D:4      | XOM: noise
  2862 | D:4      | Gained mutation: You are somewhat resistant to further mutation. [potion of mutation]
  2862 | D:4      | Gained mutation: You have a pair of small antennae on your head. [potion of mutation]
  2863 | D:4      | XOM: blink monster(s)
  2867 | D:4      | XOM: harmless Fire miscast
  2873 | D:4      | Killed from afar by an adder

Skill      XL: |  1  2  3  4  5  6 |
---------------+-------------------+-----
Maces & Flails | 3 4 5 6 |  6.1
Fighting       | 3 4 |  4.2
Dodging        | |  1.9

Action                   |  1- 3 |  4- 6 || total
-------------------------+-------+-------++-------
Melee: Mace              |   143 |   172 ||   315
 Fire: Blowgun           |       |     2 ||     2
Throw: Tomahawk          |       |     2 ||     2
  Use: Potion            |       |     3 ||     3
       Scroll            |       |     3 ||     3
 Stab: Paralysed         |     1 |       ||     1
       Sleeping          |     1 |       ||     1
  Eat: Chunk             |    17 |    15 ||    32
Armor: Robe              |    80 |    77 ||   157
       Skin              |       |    30 ||    30
Dodge: Dodged            |    93 |   108 ||   201
